 Dungeon Crawl Stone Soup version 0.28.0-53-g5a82cb258f (webtiles) character file.

Game seed: 9657747890114468261

23 SanguineChosen the Shield-Bearer (level 3, 0/23 HPs)
             Began as a Gargoyle Fighter on July 17, 2022.
             Slain by a hobgoblin (3 damage)
             ... led by Robin
             ... on level 1 of the Dungeon.
             The game lasted 00:01:36 (1309 turns).

SanguineChosen the Shield-Bearer (Gargoyle Fighter) Turns: 1309, Time: 00:01:37

Health: 0/23       AC: 11    Str: 21    XL:     3   Next: 0%
Magic:  3/3        EV:  6    Int:  8    God:
Gold:   61         SH:  4    Dex:  9    Spells: 2/2 levels left

rFire   . . .      SeeInvis .   a - +0 flail
rCold   . . .      Faith    .   c - +0 buckler
rNeg    + . .      Spirit   .   b - +0 scale mail
rPois   ∞          Reflect  .   (no helmet)
rElec   +          Harm     .   (no cloak)
rCorr   .          Rampage  .   e - +0 pair of gloves
Will    .....                   (no boots)
Stlth   ..........              (no amulet)
HPRegen 0.07/turn               (no ring)
MPRegen 0.08/turn               (no ring)

@: constricted
A: sickness immunity, AC +3, negative energy resistance 1, electricity
resistance, torment resistance 1, petrification resistance
a: no special abilities


You were on level 1 of the Dungeon.
You visited 1 branch of the dungeon, and saw 2 of its levels.

You collected 61 gold pieces.

Inventory:

Hand Weapons
 a - a +0 flail (weapon)
Armour
 b - a +0 scale mail (worn)
 c - a +0 buckler (worn)
 e - a +0 pair of gloves (worn)
Potions
 d - a potion of might


   Skills:
 + Level 3.5 Fighting
 + Level 2.2 Maces & Flails
 + Level 3.6 Armour
 + Level 3.8 Shields


You had 2 spell levels left.
You didn't know any spells.
Your spell library contained the following spells:

 Spells                   Type           Power      Damage    Failure   Level
 Gell's Gravitas          Tloc           0%         N/A       99%         3
 Teleport Other           Tloc           0%         N/A       99%         3
 Dispersal                Tloc           0%         N/A       100%        6


Dungeon Overview and Level Annotations

Branches:
Dungeon (2/15)

Altars:

Annotations:
D:2 Robin


Innate Abilities, Weirdness & Mutations

You are immune to sickness and miasma.
Your stone body is resilient. (AC +3)
You are immune to poison.
You resist negative energy. (rN+)
You are resistant to electric shocks. (rElec)
You are resistant to unholy torment.
You are immune to petrification.


Message History

The goblin hits you but does no damage.
You sock the goblin!
You kill the goblin!
You block the ball python's attack. The ball python constricts you.
The goblin barely misses you. The goblin hits you but does no damage.
The ball python bites you. The ball python constricts you.
The goblin hits you but does no damage.
You have reached level 3!
Your experience leads to an increase in your attributes!
Increase (S)trength, (I)ntelligence, or (D)exterity?
You feel stronger. x2
You closely miss the goblin. The goblin hits you but does no damage.
The ball python bites you but does no damage.
The ball python constricts you. You block the hobgoblin's attack.
The goblin hits you with a +0 club. x2
You hit the goblin but do no damage.
The ball python bites you but does no damage.
The ball python constricts you. The goblin hits you but does no damage.
You block the hobgoblin's attack. The goblin hits you but does no damage.
The ball python bites you but does no damage.
The ball python constricts you.
You hit the hobgoblin but do no damage. The goblin barely misses you.
The hobgoblin hits you but does no damage.
The ball python bites you but does no damage.
The ball python constricts you. The goblin hits you but does no damage.
The hobgoblin hits you. The goblin hits you but does no damage.
You hit the hobgoblin.
The hobgoblin is lightly wounded.
The ball python bites you but does no damage.
The ball python constricts you. The goblin hits you with a +0 club.
You block the hobgoblin's attack.
The ball python bites you but does no damage.
The ball python constricts you.
The goblin hits you but does no damage. x2
You closely miss the hobgoblin.
The hobgoblin is lightly wounded.
The ball python bites you but does no damage.
The ball python constricts you. The goblin hits you with a +0 club.
* * * LOW HITPOINT WARNING * * *
The hobgoblin hits you.
You die...

###### ##################
#....# #####@g...............
#....# #...ggS.##########.##.
#....# #.......# #≈.≈#.
#....# #.......# #≈.≈#.
#....# #.......# #§.≈#.
#....###.......#########≈.≈#.
#......'...............#≈.§#.
###'####.......#########§.§#.
#...########.##### #≈.≈#.


You could see a hobgoblin, 2 goblins and a ball python.

Vanquished Creatures
  An endoplasm (D:1)
  4 goblins (D:1)
  2 hobgoblins (D:1)
  3 quokkas (D:1)
  2 ball pythons (D:1)
  6 bats (D:1)
  A frilled lizard (D:1)
  A kobold (D:1)
  2 rats (D:1)
22 creatures vanquished.

Notes
Turn   | Place    | Note
-------+----------+-------------------------------------------
     0 | D:1      | SanguineChosen the Gargoyle Fighter began the quest for the
                  | Orb.
     0 | D:1      | Reached XP level 1. HP: 14/14 MP: 1/1
   361 | D:1      | Reached XP level 2. HP: 11/19 MP: 2/2
  1228 | D:2      | Noticed Robin
  1305 | D:1      | Reached XP level 3. HP: 15/23 MP: 3/3
  1309 | D:1      | Slain by a hobgoblin

Illustrated notes

Levels and vault maps discovered:
D:1:      minmay_arrival_arboretum_large, layout_basic,
          amcnicky_mini_rare_corridor_liquid
D:2:      minmay_roachtagon, layout_rooms,
          hellmonk_ecumenical_altar_watching_god, uniq_robin, uniq_natasha

Action                   || total
-------------------------++-------
Melee: Flail             ||    76
Armor: Scale mail        ||    71
Dodge: Dodged            ||    35
Block: Buckler           ||    21
